 Dungeon Crawl Stone Soup version 0.15.1-1-gfacfea3 (webtiles) character file.

55850 Kashira the Earth Mage (level 14, 55/67 HPs)
             Began as a Felid Earth Elementalist on Sept 20, 2014.
             Was a High Priest of Vehumet.
             Quit the game on Level 1 of the Snake Pit on Sept 21, 2014.
             The game lasted 04:29:35 (53388 turns).

Kashira the Earth Mage (Felid Earth Elementalist)  Turns: 53388, Time: 04:29:35

HP  55/67        AC  7     Str  8      XL: 14   Next: 39%
MP  23/36        EV 31     Int 16      God: Vehumet [*****.]
Gold 2978        SH  2     Dex 18      Spells: 10 memorised,  3 levels left
Lives: 0, deaths: 4

rFire  . . .     SeeInvis +     (weapon unavailable)
rCold  + + .     Clarity  .     (armour unavailable)
rNeg   . . .     rCorr    .     (shield unavailable)
rPois  +         rRot     .     (helmet unavailable)
rElec  .         Spirit   .     (cloak unavailable)
SustAb .         Warding  .     (gloves unavailable)
rMut   +         Stasis   .     (boots unavailable)
Gourm  .                        g - amulet "Phuaduh" {rMut rPois rC+ Slay+4}
MR     ++...                    P - ring of regeneration
                                n - cursed ring of poison resistance

@: quick, very resistant to hostile enchantments, fairly stealthy
A: paw claws, no armour, no weapons or thrown items, fangs 3, large bone plates
1, slimy green scales 1, see invisible, carnivore 3, dopey 1, speed 1, shaggy
fur 3, slow metabolism 1, spit poison 2, evolution 1, jump 3
a: Jump Attack, Spit Poison, Renounce Religion


You were on level 1 of the Snake Pit.
You worshipped Vehumet.
Vehumet was extremely pleased with you.
You were very full.

You visited 6 branches of the dungeon, and saw 29 of its levels.
You also visited: Volcano.

You collected 3013 gold pieces.
You spent 35 gold pieces at shops.

Inventory:

Missiles
 b - 20 stones
Magical devices
 f - a wand of flame (12)
 h - a wand of frost (2)
 p - a wand of draining (0)
 q - a wand of magic darts (0)
 u - a wand of teleportation (0)
 y - a wand of lightning (2)
 A - a wand of paralysis (5)
 L - a wand of magic darts (5)
Comestibles
 a - 8 meat rations
 s - 29 beef jerkies
Scrolls
 d - a scroll of amnesia
 e - 2 scrolls of fear
 l - 2 scrolls of blinking
 m - 10 scrolls of teleportation
 w - 6 scrolls of identify
Jewellery
 g - the amulet "Phuaduh" (around neck) {rMut rPois rC+ Slay+4}
   (You acquired it on level 1 of the Swamp)

   [amulet of resist mutation]

   It protects you from mutation.
   It affects your accuracy and damage with ranged weapons and melee attacks
   (+4).
   It protects you from cold.
   It protects you from poison.
 i - an uncursed amulet of faith
 n - a cursed ring of poison resistance (left paw)
 r - an uncursed ring of sustain abilities
 E - an uncursed ring of ice
 P - a ring of regeneration (right paw)
 V - an uncursed amulet of rage
Potions
 c - 4 potions of flight
 j - a potion of poison {unknown}
 o - 6 potions of brilliance
 t - 13 potions of curing
 v - 6 potions of restore abilities
 B - a potion of cancellation
 C - a potion of magic
 O - 2 potions of might
 U - a potion of invisibility
 Z - a potion of agility
Miscellaneous
 x - a stone of tremors
 M - a plain deck of defence {the Helm}
 X - a disc of storms


   Skills:
 * Level 11.0 Fighting
 + Level 15.1 Dodging
 - Level 2.6 Stealth
 + Level 13.7 Spellcasting
   Level 0.4 Hexes
 + Level 1.3 Charms
 + Level 0.2 Summonings
 - Level 1.9 Transmutations
 * Level 4.4 Ice Magic
 - Level 15.2 Earth Magic
 + Level 1.0 Poison Magic
 + Level 3.4 Evocations


You had 3 spell levels left.
You knew the following spells:

 Your Spells              Type           Power        Failure   Level  Hunger
a - Sandblast             Erth           ######       0%          1    None
b - Stone Arrow           Conj/Erth      #####.       1%          3    None
c - Stoneskin             Trmt/Erth      #####...     1%          2    None
d - Lee's Rapid Deconstr  Erth           ######....   1%          5    ####...
e - Passwall              Trmt/Erth      #####.....   1%          3    None
f - Mephitic Cloud        Conj/Pois/Air  ##......     4%          3    None
g - Spellforged Servitor  Conj/Summ      ##........   100%        7    #######
h - Bolt of Cold          Conj/Ice       ###.......   90%         6    ######.
i - Ozocubu's Armour      Chrm/Ice       ###.....     8%          3    None
j - Condensation Shield   Ice            ####......   12%         4    ##.....


Dungeon Overview and Level Annotations

Branches:
Dungeon (13/15)            Temple (1/1) D:5             Orc (4/4) D:10
    Elf (0/3) Orc:3          Lair (8/8) D:11          Swamp (2/5) Lair:5
  Snake (1/5) Lair:6        Slime (0/6) Lair:7
 Vaults: D:13-14

Altars:
Ashenzari
Cheibriados
Dithmenos
Elyvilon
Fedhas
Kikubaaqudgha
Makhleb
Nemelex Xobeh
Okawaru
Qazlal
Sif Muna
Trog
Vehumet
Xom
Yredelemnul
Zin
The Shining One
Beogh
Jiyva

Shops:
D:9 (   Orc:4 (

Annotations:
D:3 Crazy Yiuf, Sigmund
Orc:3 Fannar
Lair:6 exclusion: oklob plant
Swamp:1 Nikola


Innate Abilities, Weirdness & Mutations

You cannot wear armour.
You are incapable of wielding weapons or throwing items.
Your paws have sharp claws.
You have razor-sharp teeth.
You have supernaturally acute eyesight.
You are carnivorous and can eat meat at any time.
You cover ground quickly.
Your thick and shaggy fur keeps you warm (AC +3, rC+).
You have a slow metabolism.
You can jump attack at a long distance.
You are partially covered in large bone plates (AC +2, SH +2).
You are partially covered in slimy green scales (AC +2).
You are dopey. (Int -2)
You can spit moderately strong poison.
You evolve.


Message History

Confirm with . or Enter, or press ? or * to list all spells.
Aiming: Stone Arrow
Press: ? - help, Shift-Dir - straight line, f/p - black mamba
Aim: a black mamba (almost dead)
The stone arrow hits the black mamba.
You kill the black mamba!
Vehumet accepts your kill.
You feel your power returning.
You see here a black mamba corpse.
You start butchering the black mamba corpse.
You continue butchering the corpse. x3
You finish butchering the black mamba corpse.
k - 2 chunks of black mamba flesh Eat one of 2 chunks of black mamba flesh? (ye/n/q/i?) This raw flesh tastes great.
You continue eating. x2
Eat a chunk of black mamba flesh? (ye/n/q/i?) This raw flesh tastes great.
You continue eating. x2
Are you sure you want to abandon this character and quit the game? (Confirm with "yes".)

######### ...........
............. ...............
..................
...................
....................#
#......@............. #####
##...................
.........##...................
.........##....................
..[......##....................
.........##..........).........
..........#...................
.........##.........#########.
.........##.........#########


There were no monsters in sight!

Vanquished Creatures
  Rupert (Lair:6)
  Frances (Swamp:1)
  5 hydras
  Harold (D:11)
  A naga warrior (Snake:1)
  Nessos (Volcano)
  7 death yaks
  An alligator (Lair:5)
  2 tengu warriors (D:13)
  An unseen horror (D:10)
  A lindwurm (Lair:6)
  4 swamp dragons
  Pikel (D:8)
  5 hill giants
  A cyclops (D:12)
  A red wasp (Swamp:2)
  A mana viper (Snake:1)
  2 ugly things
  A griffon (D:13)
  20 elephants
  2 molten gargoyles (Volcano)
  A centaur zombie (D:12)
  7 black mambas
  11 spiny frogs
  Psyche (Orc:4)
  2 torpor snails (Lair:5)
  A feature mimic (D:10)
  A kobold demonologist (D:13)
  5 fire drakes
  14 komodo dragons
  A wyvern (D:8)
  2 yaktaurs (Volcano)
  3 trolls
  6 polar bears (Lair:8)
  9 slime creatures
  Prince Ribbit (D:7)
  2 giant leeches (Swamp:1)
  4 baby alligators (Lair:5)
  4 bog bodies
  A raiju (Lair:8)
  A two-headed ogre (D:8)
  A trapdoor spider zombie (D:13)
  10 ravens
  A trapdoor spider (D:12)
  55 yaks
  2 basilisks
  31 blink frogs
  A shadow (Swamp:1)
  A wraith (D:11)
  10 killer bees
  Eustachio (D:5)
  A deep elf mage (D:12)
  4 vampire mosquitoes (Swamp:2)
  2 fire bats (Volcano)
  A deep elf fighter (D:11)
  9 hogs (Lair:8)
  5 wargs (Lair:8)
  2 hungry ghosts
  2 nagas (Snake:1)
  29 wolves
  2 soldier ants (D:9)
  14 hippogriffs
  12 swamp worms
  2 steam dragons (Lair:8)
  Edmund (D:5)
  Menkaure (D:5)
  A tengu zombie (D:13)
  3 swamp drakes (Swamp:1)
  24 water moccasins
  2 mottled dragons (Lair:8)
  8 black bears
  16 ogres
  6 sky beasts
  3 hell hounds (Lair:8)
  9 porcupines
  18 orc warriors
  2 ice beasts
  7 centaurs
  4 phantoms
  A necrophage (D:13)
  A slave (D:8)
  An orc skeleton (D:12)
  A boring beetle (Lair:8)
  Duvessa (D:6)
  2 big kobolds
  A yellow wasp (D:12)
  20 crocodiles
  6 insubstantial wisps (Lair:5)
  2 gnoll sergeants
  17 giant frogs
  3 scorpions
  A yak skeleton (D:8)
  3 eyes of draining
  Dowan (D:6)
  2 lava snakes (Volcano)
  7 crimson imps
  An elf zombie (D:12)
  3 jellies
  3 quasits
  3 goliath beetles
  20 hounds
  2 two-headed ogre skeletons
  2 giant frog skeletons
  A two-headed ogre zombie (D:13)
  10 iguanas
  24 orc priests
  25 worker ants
  9 orange rats
  Natasha (D:6)
  25 orc wizards
  29 sheep
  An ogre zombie (D:5)
  Ijyb (D:5)
  A big kobold skeleton (D:9)
  A mottled dragon skeleton (D:9)
  Terence (D:3)
  89 green rats
  25 adders
  A scorpion zombie (D:6)
  9 gnolls
  5 shadow imps
  2 giant mites
  18 worms
  An orc zombie (D:7)
  A giant gecko (D:1)
  188 orcs
  A bat skeleton (D:6)
  5 giant cockroaches
  21 goblins
  22 hobgoblins
  15 jackals
  2 ball pythons
  22 bats
  4 giant newts
  A hobgoblin skeleton (D:7)
  23 kobolds
  2 kobold skeletons
  19 quokkas
  19 rats
  15 fungi
  3 plants
1186 creatures vanquished.

Vanquished Creatures (collateral kills)
  4 green rats (Lair:4)
4 creatures vanquished.

Vanquished Creatures (others)
  A griffon (Lair:6)
  A tengu zombie (D:13)
  3 slaves (D:8)
  A green rat (Lair:6)
  5 fulminant prisms
  A giant cockroach (D:8)
  34 fungi
  13 plants
59 creatures vanquished.

Grand Total: 1249 creatures vanquished

Notes
Turn   | Place    | Note
--------------------------------------------------------------
     0 | D:1      | Kashira, the Felid Earth Elementalist, began the quest for the Orb.
     0 | D:1      | Reached XP level 1. HP: 7/7 MP: 4/4
   358 | D:1      | Reached skill level 1 in Fighting
   361 | D:1      | Reached XP level 2. HP: 10/12 MP: 1/5
   538 | D:1      | Reached skill level 3 in Earth Magic
  1270 | D:2      | Reached XP level 3. HP: 15/15 MP: 4/8
  1433 | D:2      | Learned a level 3 spell: Stone Arrow
  2063 | D:2      | Found a radiant altar of Vehumet.
  2375 | D:2      | Learned a level 2 spell: Stoneskin
  2429 | D:2      | Reached XP level 4. HP: 19/19 MP: 0/11
  2628 | D:3      | Reached skill level 4 in Earth Magic
  2824 | D:3      | Noticed Sigmund
  3800 | D:3      | Noticed Terence
  3999 | D:3      | Killed Terence
  3999 | D:3      | Reached XP level 5. HP: 22/22 MP: 1/12
  4204 | D:3      | Reached skill level 1 in Evocations
  4346 | D:3      | Noticed Crazy Yiuf
  4782 | D:4      | Reached skill level 5 in Earth Magic
  5462 | D:4      | Gained mutation: You are covered in thick fur (AC +2). [growing up]
  5462 | D:4      | Gained mutation: You can jump attack at a medium distance. [growing up]
  5462 | D:4      | Reached XP level 6. HP: 26/26 MP: 1/15
  5867 | D:4      | Noticed an ogre
  5894 | D:4      | Killed an ogre
  5894 | D:4      | Reached skill level 6 in Earth Magic
  6025 | D:5      | Entered Level 5 of the Dungeon
  6123 | D:5      | Noticed Ijyb
  6130 | D:5      | Killed Ijyb
  6790 | D:5      | Noticed Menkaure
  6798 | D:5      | Killed Menkaure
  6798 | D:5      | Reached skill level 7 in Earth Magic
  6798 | D:5      | Reached XP level 7. HP: 29/29 MP: 10/17
  6807 | D:5      | Found a staircase to the Ecumenical Temple.
  6869 | Temple   | Entered the Ecumenical Temple
  6963 | Temple   | Became a worshipper of Vehumet
  7540 | D:5      | Noticed Edmund
  7618 | D:5      | Killed Edmund
  7618 | D:5      | Reached skill level 8 in Earth Magic
  7724 | D:5      | Noticed Eustachio
  7738 | D:5      | Killed Eustachio
  7738 | D:5      | Reached XP level 8. HP: 33/33 MP: 8/18
  8055 | D:6      | Reached skill level 9 in Earth Magic
  8701 | D:6      | Noticed Dowan
  8703 | D:6      | Noticed Duvessa
  8724 | D:6      | Killed Duvessa
  8724 | D:6      | Acquired Vehumet's first power
  8724 | D:6      | Offered knowledge of Flame Tongue by Vehumet.
  8731 | D:6      | Learned a level 5 spell: Lee's Rapid Deconstruction
  8739 | D:6      | Killed Dowan
  8862 | D:6      | Reached skill level 10 in Earth Magic
  8998 | D:6      | Found a burning altar of Makhleb.
  9169 | D:6      | Noticed Natasha
  9172 | D:6      | Killed Natasha
 10048 | D:7      | Noticed Prince Ribbit
 10056 | D:7      | Mangled by Prince Ribbit
 10057 | D:7      | Reached XP level 7. HP: -9/29 MP: 9/17
 10067 | D:7      | Killed Prince Ribbit
 10067 | D:7      | Reached XP level 8. HP: 33/33 MP: 14/18
 10907 | D:7      | Reached skill level 11 in Earth Magic
 11485 | D:7      | Offered knowledge of Throw Flame by Vehumet.
 12613 | D:7      | Reached XP level 9. HP: 18/36 MP: 8/20
 13243 | D:8      | Reached skill level 12 in Earth Magic
 13443 | D:8      | Noticed Pikel
 13449 | D:8      | Killed Pikel
 13668 | D:8      | Offered knowledge of Searing Ray by Vehumet.
 13872 | D:8      | Reached XP level 10. HP: 42/42 MP: 11/23
 14000 | D:8      | Reached skill level 5 in Dodging
 14387 | D:8      | Learned a level 3 spell: Passwall
 14805 | D:8      | Acquired Vehumet's second power
 15409 | D:9      | Found Leomices' Antique Weapon Emporium.
 15477 | D:9      | Offered knowledge of Dazzling Spray by Vehumet.
 15939 | D:9      | Noticed a hill giant
 15957 | D:9      | Killed a hill giant
 15957 | D:9      | Reached skill level 5 in Spellcasting
 16993 | D:10     | Entered Level 10 of the Dungeon
 17211 | D:10     | Reached skill level 13 in Earth Magic
 17300 | D:10     | Found a staircase to the Orcish Mines.
 17322 | D:10     | Acquired Vehumet's third power
 17329 | D:10     | Gained mutation: You are dopey. (Int -2) [mutagenic meat]
 17489 | D:10     | Noticed an unseen horror
 17494 | D:10     | Killed an unseen horror
 17494 | D:10     | Reached skill level 5 in Fighting
 18251 | Orc:1    | Entered Level 1 of the Orcish Mines
 18473 | Orc:1    | Offered knowledge of Static Discharge by Vehumet.
 19042 | Orc:1    | Reached XP level 11. HP: 48/48 MP: 15/27
 20247 | Orc:3    | Noticed Fannar
 20255 | Orc:3    | Gained mutation: You evolve. [potion of mutation]
 20255 | Orc:3    | Gained mutation: You are partially covered in slimy green scales (AC +2). [potion of mutation]
 20715 | Orc:2    | Offered knowledge of Force Lance by Vehumet.
 20879 | Orc:2    | Hit by a steel tomahawk thrown by an orc warrior
 20880 | Orc:2    | Reached XP level 10. HP: -6/44 MP: 1/26
 21415 | Orc:1    | Lost mutation: You are dopey. (Int -2) [evolution]
 21477 | Orc:3    | Learned a level 3 spell: Mephitic Cloud
 22561 | Orc:3    | Found a staircase to the Elven Halls.
 23398 | Orc:4    | Entered Level 4 of the Orcish Mines
 23401 | Orc:4    | Noticed Psyche
 23413 | Orc:4    | Killed Psyche
 23585 | Orc:4    | Found a roughly hewn altar of Beogh.
 23903 | Orc:4    | Found an ancient bone altar of Kikubaaqudgha.
 24399 | Orc:4    | Found a roughly hewn altar of Beogh.
 24445 | Orc:4    | Found Mourakab's Weapon Emporium.
 24450 | Orc:4    | Bought 15 stones for 22 gold pieces
 24450 | Orc:4    | Bought 9 stones for 13 gold pieces
 24933 | Orc:4    | Noticed an orc warlord
 25556 | D:11     | Offered knowledge of Poison Arrow by Vehumet.
 25680 | D:11     | Noticed Harold
 25852 | D:11     | Noticed a hill giant
 26073 | D:11     | Reached XP level 11. HP: 48/48 MP: 20/28
 26387 | D:11     | Killed Harold
 26447 | D:11     | Killed a hill giant
 26656 | D:11     | Noticed a hill giant
 26679 | D:11     | Killed a hill giant
 26812 | D:11     | Noticed a green ugly thing
 26820 | D:11     | Found a staircase to the Lair.
 26833 | D:11     | Killed a green ugly thing
 28272 | D:12     | Reached skill level 14 in Earth Magic
 28871 | D:12     | Noticed a hill giant
 28880 | D:12     | Killed a hill giant
 29608 | D:12     | Mangled by a komodo dragon
 29609 | D:12     | Reached XP level 10. HP: -7/47 MP: 14/29
 29609 | D:12     | Noticed a six-headed hydra
 29639 | D:13     | Reached XP level 11. HP: 44/50 MP: 26/30
 29654 | D:13     | Noticed a griffon
 29660 | D:13     | Killed a griffon
 29764 | D:13     | Gained mutation: You can spit poison. [evolution]
 29880 | D:13     | Noticed a hill giant
 29893 | D:13     | Killed a hill giant
 30509 | D:13     | Noticed a tengu warrior
 30510 | D:13     | Noticed a tengu warrior
 30516 | D:13     | Killed a tengu warrior
 30516 | D:13     | Killed a tengu warrior
 31028 | Lair:1   | Entered Level 1 of the Lair of Beasts
 31344 | Lair:1   | Offered knowledge of Lightning Bolt by Vehumet.
 31580 | Lair:1   | Reached skill level 10 in Dodging
 32502 | Lair:1   | Gained mutation: Your thick and shaggy fur keeps you warm (AC +3, rC+). [growing up]
 32502 | Lair:1   | Gained mutation: You can jump attack at a long distance. [growing up]
 32502 | Lair:1   | Reached XP level 12. HP: 55/55 MP: 16/32
 32973 | Lair:2   | Gained mutation: Your magical capacity is low (-10% MP). [evolution]
 33520 | Lair:2   | Reached skill level 10 in Spellcasting
 34124 | Lair:2   | Gained mutation: You can spit moderately strong poison. [evolution]
 34187 | Lair:2   | Noticed a six-headed hydra
 34193 | Lair:2   | Killed a six-headed hydra
 34673 | Lair:2   | Reached skill level 15 in Earth Magic
 35819 | Lair:3   | Lost mutation: Your magical capacity is low (-10% MP). [evolution]
 36667 | Lair:3   | Reached XP level 13. HP: 54/60 MP: 5/34
 37555 | Lair:4   | Offered knowledge of Spellforged Servitor by Vehumet.
 37564 | Lair:4   | Learned a level 7 spell: Spellforged Servitor
 38407 | Lair:5   | Found a staircase to the Swamp.
 40128 | Lair:5   | Offered knowledge of Orb of Destruction by Vehumet.
 40814 | Lair:6   | Found a dark tunnel.
 40902 | Volcano  | Entered a volcano
 41544 | Volcano  | Found a burning altar of Makhleb.
 41544 | Volcano  | Noticed Nessos
 41555 | Volcano  | Killed Nessos
 42073 | Lair:6   | Noticed Rupert
 42151 | Lair:6   | Found a staircase to the Snake Pit.
 42444 | Lair:6   | Paralysed by Rupert for 7 turns
 43145 | Lair:6   | Killed Rupert
 43145 | Lair:6   | Reached XP level 14. HP: 35/65 MP: 13/35
 44112 | Lair:7   | Learned a level 4 spell: Fulminant Prism
 44121 | Lair:7   | Learned a level 3 spell: Ozocubu's Armour
 44132 | Lair:7   | Gained mutation: You are dopey. (Int -2) [mutagenic glow]
 44296 | Lair:6   | Gained mutation: You are partially covered in large bone plates (AC +2, SH +2). [evolution]
 44681 | Lair:6   | Reached skill level 1 in Ice Magic
 44712 | Lair:6   | Learned a level 4 spell: Condensation Shield
 44836 | Lair:7   | Reached skill level 10 in Fighting
 44882 | Lair:7   | Offered knowledge of Delayed Fireball by Vehumet.
 45340 | Lair:7   | Found a viscous altar of Jiyva.
 45340 | Lair:7   | Found a staircase to the Slime Pits.
 45340 | Lair:7   | Noticed an acid blob
 46160 | Lair:8   | Entered Level 8 of the Lair of Beasts
 48256 | Lair:8   | Offered knowledge of Bolt of Cold by Vehumet.
 49131 | Lair:8   | Learned a level 6 spell: Bolt of Cold
 49475 | Swamp:1  | Entered Level 1 of the Swamp
 50132 | Lair:5   | Reached XP level 15. HP: 70/70 MP: 22/37
 50437 | Swamp:1  | Noticed Frances
 50457 | Swamp:1  | Killed Frances
 50457 | Swamp:1  | Reached skill level 1 in Poison Magic
 50618 | Swamp:1  | Identified a scroll of acquirement
 51036 | Swamp:1  | Got a pitted copper amulet
 51038 | Swamp:1  | Identified the amulet "Phuaduh" {rMut rPois rC+ Slay+4} (You acquired it on level 1 of the Swamp)
 51245 | Swamp:1  | Noticed Nikola
 51274 | Swamp:1  | Slain by a six-headed hydra
 51275 | Swamp:1  | Reached XP level 14. HP: -5/66 MP: 18/36
 51554 | Swamp:1  | Reached skill level 1 in Charms
 51904 | Swamp:2  | Reached skill level 15 in Dodging
 52367 | Swamp:2  | Noticed a thorn hunter
 52512 | Snake:1  | Entered Level 1 of the Snake Pit
 53388 | Snake:1  | Quit the game

Action                   |  1- 3 |  4- 6 |  7- 9 | 10-12 | 13-15 || total
-------------------------+-------+-------+-------+-------+-------++-------
Melee: Unarmed           |    13 |       |     7 |    25 |   100 ||   145
 Cast: Sandblast         |    65 |    69 |    84 |   250 |   346 ||   814
       Stone Arrow       |     7 |    67 |   149 |   681 |   417 ||  1321
       Lee's Rapid Decon |       |       |    22 |   265 |   251 ||   538
       Stoneskin         |       |       |     4 |    37 |    19 ||    60
       Mephitic Cloud    |       |       |       |     6 |    38 ||    44
       Ozocubu's Armour  |       |       |       |       |    22 ||    22
       Condensation Shie |       |       |       |       |    13 ||    13
       Fulminant Prism   |       |       |       |       |     5 ||     5
 Abil: Spit Poison       |       |       |       |    23 |   197 ||   220
       Jump Attack       |       |       |       |       |     1 ||     1
Evoke: Wand              |     1 |     6 |     6 |    45 |    42 ||   100
       Disc of storms    |       |       |       |     1 |       ||     1
       Stone of tremors  |       |       |       |       |     1 ||     1
  Use: Potion            |     2 |       |     2 |     1 |     9 ||    14
       Scroll            |     1 |     9 |     4 |    10 |    18 ||    42
 Stab: Confused          |       |       |       |       |     4 ||     4
  Eat: Chunk             |     8 |    22 |    45 |   123 |   103 ||   301
       Meat ration       |       |       |       |     2 |       ||     2
       Pizza             |       |       |       |     1 |       ||     1
